 Dungeon Crawl Stone Soup version 0.24.0-37-gcf1ca852f1 (webtiles) character file.

Game seed: 13705066608877483365, levelgen mode: deterministic

186 Delamore the Chopper (level 5, 0/45 HPs)
             Began as a Hill Orc Fighter on Nov 25, 2019.
             Succumbed to an adder's poison
             ... on level 5 of the Dungeon.
             The game lasted 00:02:28 (2238 turns).

Delamore the Chopper (Hill Orc Fighter)             Turns: 2238, Time: 00:02:29

Health: 0/45       AC:  8    Str: 20    XL:     5   Next: 65%
Magic:  5/5        EV:  7    Int:  8    God:
Gold:   77         SH:  9    Dex: 10    Spells: 4/4 levels left

rFire    . . .     SeeInvis .   a - +0 war axe
rCold    + . .     Gourm    .   c - +0 shield
rNeg     . . .     Faith    .   b - +0 scale mail
rPois    .         Spirit   .   (no helmet)
rElec    .         Reflect  .   h - scarf {cloud immunity}
rCorr    .         Harm     .   (no gloves)
MR       .....                  l - +0 pair of boots
Stlth    ..........             (no amulet)
HPRegen  0.15/turn              g - ring of protection from cold
MPRegen  0.09/turn              (no ring)

@: lethally poisoned (0 -> -1)
A: no striking features
a: no special abilities


You were on level 5 of the Dungeon.
You were hungry.

You visited 1 branch of the dungeon, and saw 5 of its levels.

You collected 77 gold pieces.

Inventory:

Hand Weapons
 a - a +0 war axe (weapon)
Armour
 b - a +0 scale mail (worn)
 c - a +0 shield (worn)
 h - a scarf of cloud immunity (worn)
 l - a +0 pair of boots (worn)
Jewellery
 g - a ring of protection from cold (left hand)
Scrolls
 e - 5 scrolls of remove curse {unknown}
 i - a scroll of magic mapping {unknown}
 j - 2 scrolls of noise {unknown}
 k - a scroll of identify {unknown}
 p - a scroll of enchant weapon {unknown}
 q - a scroll of amnesia {unknown}
Potions
 d - a potion of might
 m - a potion of brilliance {unknown}
 n - a potion of berserk rage {unknown}
 o - a potion of curing {unknown}
Comestibles
 f - 3 rations
 r - a chunk of flesh


   Skills:
 - Level 3.6 Fighting
 + Level 7.5 Axes
 - Level 3.2 Armour
 - Level 3.2 Shields


You had 4 spell levels left.
You didn't know any spells.
Your spell library was empty.

Dungeon Overview and Level Annotations

Branches:
Dungeon (5/15)
 Temple: D:4-7

Altars:


Message History

* * * LOW HITPOINT WARNING * * *
You block the hound's attack.
Your shield and scale mail prevent you from hitting the hound.
The hound is heavily wounded.
The hound closely misses you.
You closely miss the hound.
The hound is heavily wounded.
You feel sick. The hound bites you.
* * * LOW HITPOINT WARNING * * *
The hound bites you but does no damage.
You slash the hound!
The hound is almost dead.
The hound bites you but does no damage. The hound barely misses you.
You miss the hound.
The hound is almost dead.
You block the hound's attack. The hound bites you.
* * * LOW HITPOINT WARNING * * *
You miss the hound.
The hound is almost dead.
You die...

#........#
#........#
#........#
#........#
#........##
#.......$..
#..........
#..@†......
####h######
.# .. ...
...# ...#
...#


You could see a hound.

Vanquished Creatures
  An iguana (D:5)
  2 worker ants
  3 gnolls (D:4)
  3 adders
  3 dart slugs
  2 leopard geckos
  3 bats
  5 giant cockroaches
  6 goblins
  4 hobgoblins
  7 jackals
  5 kobolds
  3 frilled lizards (D:2)
  5 rats
52 creatures vanquished.

Notes
Turn   | Place    | Note
-------+----------+-------------------------------------------
     0 | D:1      | Delamore the Hill Orc Fighter began the quest for the Orb.
     0 | D:1      | Reached XP level 1. HP: 19/19 MP: 1/1
    49 | D:1      | Reached skill level 3 in Axes
    76 | D:1      | Reached XP level 2. HP: 24/26 MP: 2/2
   163 | D:1      | Reached skill level 4 in Axes
   362 | D:1      | Reached XP level 3. HP: 31/31 MP: 3/3
   956 | D:2      | Reached skill level 5 in Axes
  1185 | D:2      | Reached XP level 4. HP: 33/39 MP: 4/4
  1373 | D:2      | Reached skill level 6 in Axes
  1736 | D:3      | You fall into a shaft and drop 2 floors!
  1736 | D:5      | Entered Level 5 of the Dungeon
  1749 | D:5      | Reached XP level 5. HP: 19/45 MP: 5/5
  2026 | D:4      | Reached skill level 7 in Axes
  2210 | D:4      | You fall into a shaft and drop 1 floor!
  2237 | D:5      | HP: 1/45 [hound (5)]
  2238 | D:5      | Succumbed to an adder's poison

Levels and vault maps discovered:
D:1:      minmay_arrival_stair_chambers, layout_loops_ring
D:2:      layout_basic
D:3:      layout_basic
D:4:      layout_gridville, kennysheep_mini, first_ration,
          kennysheep_generic_room_6
D:5:      layout_basic, tso_oasis_becter, uniq_blork_the_orc

Skill      XL: |  1  2  3  4  5 |
---------------+----------------+-----
Axes           | 3 4 5 6 7 |  7.5
Fighting       | |  3.6
Armour         | |  3.2
Shields        | |  3.2

Action                   |  1- 3 |  4- 6 || total
-------------------------+-------+-------++-------
Melee: War axe           |    81 |   109 ||   190
  Eat: Chunk             |     1 |     3 ||     4
Armor: Scale mail        |    27 |    41 ||    68
Dodge: Dodged            |    27 |    37 ||    64
Block: Shield            |    52 |    61 ||   113
